 Dungeon Crawl Stone Soup version 0.21.1-1-g345015f (webtiles) character file.

32 sking99 the Magician (level 3, 25/25 HPs)
             Began as a Gnoll Wizard on June 14, 2018.
             Quit the game on level 2 of the Dungeon.
             The game lasted 00:05:28 (933 turns).

sking99 the Magician (Gnoll Wizard)                  Turns: 933, Time: 00:05:29

Health: 25/25      AC:  2    Str:  9    XL:     3   Next: 27%
Magic:  2/11       EV: 14    Int: 21    God:
Gold:   63         SH:  0    Dex: 13    Spells: 3/16 levels left

rFire    . . .     SeeInvis .   (no weapon)
rCold    . . .     Gourm    .   (no shield)
rNeg     . . .     Faith    .   a - +0 robe
rPois    .         Spirit   .   b - +0 hat
rElec    .         Reflect  .   (no cloak)
rCorr    .         Harm     .   (no gloves)
MR       .....                  (no boots)
Stlth    +++.......             (no amulet)
HPRegen  0.08/turn              (no ring)
MPRegen  0.12/turn              (no ring)

@: very slightly contaminated
A: distributed training, fangs 1, strong nose
a: no special abilities


You were on level 2 of the Dungeon.
You were not hungry.

You visited 1 branch of the dungeon, and saw 2 of its levels.

You collected 63 gold pieces.

Inventory:

Armour
 a - a +0 robe (worn)
 b - a +0 hat (worn)
Jewellery
 j - an uncursed ring of stealth {unknown}
Scrolls
 g - a scroll of enchant weapon {unknown}
 h - a scroll of magic mapping {unknown}
 i - a scroll of immolation {unknown}
 m - a scroll of amnesia {unknown}
 n - a scroll of teleportation {unknown}
Potions
 e - 2 potions of magic {unknown}
 f - a potion of curing {unknown}
 k - a potion of haste {unknown}
 l - a potion of lignification {unknown}
Books
 c - a book of Minor Magic

   Spells                             Type                      Level
   a - Magic Dart                     Conjuration                  1
   b - Blink                          Translocation                2
   c - Call Imp                       Summoning                    2
   d - Slow                           Hexes                        2
   e - Conjure Flame                  Conjuration/Fire             3
   f - Mephitic Cloud                 Conjuration/Poison/Air       3
Comestibles
 d - 3 rations


   Skills:
 + Level 0.6 Fighting
 + Level 0.6 Short Blades
 + Level 0.6 Long Blades
 + Level 0.6 Axes
 + Level 0.6 Maces & Flails
 + Level 0.6 Polearms
 + Level 0.6 Staves
 + Level 0.6 Slings
 + Level 0.6 Bows
 + Level 0.6 Crossbows
 + Level 0.6 Throwing
 + Level 0.6 Armour
 + Level 4.5 Dodging
 + Level 4.1 Stealth
 + Level 0.6 Shields
 + Level 0.6 Unarmed Combat
 + Level 7.1 Spellcasting
 + Level 2.1 Conjurations
 + Level 0.4 Hexes
 + Level 0.4 Charms
 + Level 2.1 Summonings
 + Level 0.4 Necromancy
 + Level 2.1 Translocations
 + Level 0.4 Transmutations
 + Level 0.4 Fire Magic
 + Level 0.4 Ice Magic
 + Level 0.4 Air Magic
 + Level 0.4 Earth Magic
 + Level 0.4 Poison Magic
 + Level 0.8 Invocations
 + Level 0.6 Evocations


You had 3 spell levels left.
You knew the following spells:

 Your Spells              Type           Power        Failure   Level  Hunger
a - Magic Dart            Conj           ###.         3%          1    None
b - Blink                 Tloc           N/A          5%          2    None
c - Call Imp              Summ           ###.....     5%          2    None
d - Slow                  Hex            #.......     11%         2    None
e - Conjure Flame         Conj/Fire      ##......     16%         3    None
f - Mephitic Cloud        Conj/Pois/Air  ##......     17%         3    None


Dungeon Overview and Level Annotations

Branches:
Dungeon (2/15)

Altars:


Innate Abilities, Weirdness & Mutations

Your experience applies equally to all skills.
You have very sharp teeth.
Your uncanny sense of smell can sniff out nearby items.


Message History

Aim: a worm (heavily wounded)
The magic dart hits the worm.
The worm is severely wounded.
Casting: Magic Dart
Confirm with . or Enter, or press ? or * to list all spells.
You don't have enough magic to cast that spell.
Casting: Magic Dart
Confirm with . or Enter, or press ? or * to list all spells.
Aiming: Magic Dart
Press: ? - help, Shift-Dir - straight line, f/p - worm
Aim: a worm (severely wounded)
The magic dart hits the worm.
The worm is severely wounded.
Casting: Magic Dart
Confirm with . or Enter, or press ? or * to list all spells.
You don't have enough magic to cast that spell.
Casting: Magic Dart
Confirm with . or Enter, or press ? or * to list all spells.
You don't have enough magic to cast that spell.
Are you sure you want to abandon this character and quit the game? (Confirm with "yes".)

#...# ###..#..... #...# .#
#........ #...# .# #..#.#...
#...# #.# #..#.#... #... #...#
#.# #......#. #..
#...######.#######........ #.#
#...............###.#..... ###.#
####)............+.......##
....###.........@.^....###.#.#.#
........##.................#.#.#
........##..............####.#.#
........##..............# ..
............#......####.#
........#####......# #.#
........# #......# #.# ........#
#...........# ..........
+...........#


There were no monsters in sight!

Vanquished Creatures
  An adder (D:1)
  A giant cockroach (D:2)
  3 goblins
  4 hobgoblins (D:1)
  5 bats (D:1)
  3 frilled lizards (D:1)
  A kobold (D:1)
  7 rats (D:1)
25 creatures vanquished.

Vanquished Creatures (collateral kills)
  A hobgoblin (D:1)
1 creature vanquished.

Grand Total: 26 creatures vanquished

Notes
Turn   | Place    | Note
-------+----------+-------------------------------------------
     0 | D:1      | sking99 the Gnoll Wizard began the quest for the Orb.
     0 | D:1      | Reached XP level 1. HP: 13/13 MP: 8/8
   140 | D:1      | Reached XP level 2. HP: 19/19 MP: 6/10
   587 | D:1      | Reached XP level 3. HP: 20/25 MP: 7/11
   742 | D:1      | Learned a level 2 spell: Blink
   745 | D:1      | Learned a level 2 spell: Call Imp
   748 | D:1      | Learned a level 2 spell: Slow
   752 | D:1      | Learned a level 3 spell: Conjure Flame
   756 | D:1      | Learned a level 3 spell: Mephitic Cloud
   933 | D:2      | Quit the game

Skill      XL: |  1 |
---------------+----+-----
Conjurations   | 2 |  2.1
Summonings     | 2 |  2.1
Translocations | 2 |  2.1
Fighting       | |  0.6
Short Blades   | |  0.6
Long Blades    | |  0.6
Axes           | |  0.6
Maces & Flails | |  0.6
Polearms       | |  0.6
Staves         | |  0.6
Slings         | |  0.6
Bows           | |  0.6
Crossbows      | |  0.6
Throwing       | |  0.6
Armour         | |  0.6
Dodging        | |  4.5
Stealth        | |  4.1
Shields        | |  0.6
Unarmed Combat | |  0.6
Spellcasting   | |  7.1
Hexes          | |  0.4
Charms         | |  0.4
Necromancy     | |  0.4
Transmutations | |  0.4
Fire Magic     | |  0.4
Ice Magic      | |  0.4
Air Magic      | |  0.4
Earth Magic    | |  0.4
Poison Magic   | |  0.4
Invocations    | |  0.8
Evocations     | |  0.6

Action                   || total
-------------------------++-------
 Cast: Magic Dart        ||    48
       Call Imp          ||     3
       Conjure Flame     ||     1
Armor: Robe              ||     1
Dodge: Dodged            ||     9
